Map: Emerald City LE

Players

JanSobieski

  • Race: Protoss Protoss
  • Spawn Location: 5:00

IIIChEvYIII

  • Race: Zerg Zerg
  • Spawn Location: 5:00

LOADBLASTER - Winner!

  • Race: Terran Terran
  • League: Grandmaster
  • Spawn Location: 11:00

PureLegacy - Winner!

  • Race: Terran Terran
  • Spawn Location: 11:00

VOD

Have the link to the VOD?

Description

Time

  • Played on: Dec. 1, 2018, 3:53 p.m.
  • Length: 8:47
Show
View Real Time Build Order
Export as new Build Order

JanSobieski Protoss 

Build Orders: Phoenix Opening 

Get SALT Encoding   

  12  0:01  Probe  
  13  0:13  Probe  
  14  0:20  Pylon  
  14  0:25  Probe  
  15  0:35  Probe  
  15  0:41  Gateway  
  16  0:43  Probe  
  16  0:46  Assimilator  
  17  0:52  Probe  
  17  0:55  Assimilator  
  18  1:04  Probe  
  19  1:14  Probe  
  20  1:22  Probe  
  20  1:30  Probe, Cybernetics Core  
  21  1:33  Pylon  
  22  1:43  Probe  
  23  1:55  Probe  
  24  2:03  Stalker  
  24  2:07  Nexus  
  26  2:16  Warp Gate  
  26  2:25  Stargate  
  26  2:34  Stalker  
  28  2:51  Probe  
  29  3:04  Probe  
  30  3:25  Pylon  
  30  3:26  Gateway, Probe  
  31  3:27  Probe  
  31  3:32  Phoenix  
  34  3:34  Probe  
  34  3:39  Probe  
  36  3:42  Probe  
  37  3:51  Probe  
  37  3:53  Probe  
  39  4:02  Nexus, Phoenix  
  41  4:03  Probe  
  41  4:05  Probe  
  43  4:10  Twilight Council  
  41  4:17  Probe  
  41  4:18  Probe  
  43  4:29  Probe  
  43  4:30  Probe  
  45  4:32  Assimilator  
  45  4:33  Phoenix  
  45  4:36  Assimilator  
  45  4:37  Sentry  
  49  4:39  Resonating Glaives  
  49  4:41  Probe  
  49  4:42  Probe  
  51  4:47  Pylon  
  51  4:54  Probe x2  
  53  5:05  Adept x2  
  53  5:06  Probe  
  58  5:09  Probe  
  58  5:12  Pylon  
  59  5:18  Probe  
  54  5:31  Adept  
  54  5:32  Adept  
  54  5:35  Probe x2  
  58  5:45  Probe  
  58  5:47  Probe x2  
  58  5:49  Templar Archives  
  61  5:57  Probe, Forge  
  61  5:59  Gateway, Probe x2  
  61  6:01  Gateway  
  61  6:02  Gateway  
  61  6:03  Gateway  
  64  6:05  Pylon  
  64  6:09  Probe, Sentry  
  68  6:11  Assimilator, Probe x2  
  68  6:15  Assimilator, Pylon  
  68  6:21  Probe  
  68  6:23  Probe  
  65  6:32  Psionic Storm  
  60  6:42  Probe  
  60  6:48  Adept  
  60  6:49  Adept  
  64  6:54  Adept  
  64  6:57  Adept x2  
  64  6:59  Adept  
  72  7:09  Pylon  
  72  7:10  Phoenix  
  72  7:12  High Templar x2  
  72  7:13  Zealot x2  
  82  7:17  Gateway  
  82  7:19  Pylon  
  82  7:21  High Templar, Zealot  
  86  7:29  Pylon  
  84  7:44  Probe  
  84  7:45  Probe  
  84  7:50  High Templar x2, Zealot x2  
  94  8:02  Nexus  
  94  8:03  Pylon  
  94  8:04  Gateway  
  94  8:13  Gateway  
  94  8:15  Robotics Facility  
  87  8:32  Zealot x4  
  91  8:34  Archon  
  91  8:35  Archon  
Show
View Real Time Build Order
Export as new Build Order

IIIChEvYIII Zerg 

Build Orders: Hatch First 

Get SALT Encoding   

  12  0:02  Drone  
  13  0:14  Overlord  
  13  0:17  Drone  
  14  0:32  Drone x2  
  16  0:37  Drone  
  17  0:55  Hatchery  
  16  0:57  Drone  
  16  1:01  Extractor  
  16  1:02  Drone  
  17  1:16  Spawning Pool  
  16  1:20  Drone  
  17  1:30  Drone x2  
  19  1:42  Overlord  
  19  1:52  Drone  
  20  2:03  Queen  
  20  2:05  Metabolic Boost  
  20  2:07  Queen  
  24  2:10  Zergling x2  
  24  2:14  Zergling x2  
  26  2:18  Zergling x2  
  26  2:20  Zergling x2  
  28  2:25  Drone  
  29  2:33  Drone  
  29  2:35  Drone  
  30  2:45  Drone  
  30  2:46  Drone  
  32  2:53  Overlord  
  32  2:57  Overlord  
  32  3:03  Queen  
  34  3:10  Queen  
  36  3:13  Drone x2  
  36  3:14  Drone  
  39  3:32  Drone x7  
  46  3:36  Extractor x2  
  46  3:40  Zergling x2  
  45  3:44  Zergling x2  
  46  3:50  Zergling x2  
  46  3:54  Zergling x2  
  48  3:58  Overlord  
  48  4:04  Lair  
  48  4:05  Zergling x6  
  48  4:09  Overlord x2  
  48  4:18  Zergling x4  
  48  4:19  Zergling x2  
  48  4:22  Drone  
  52  4:29  Drone  
  53  4:41  Hatchery  
  52  4:50  Drone x4  
  52  4:51  Drone x3  
  59  4:59  Zergling x2  
  60  5:05  Zergling x12  
  60  5:06  Baneling Nest, Zergling x2  
  64  5:12  Zergling x2  
  62  5:26  Zergling x2  
  62  5:27  Zergling x2  
  58  5:35  Zergling x14  
  57  5:43  Drone  
  57  5:49  Evolution Chamber  
  57  5:50  Evolution Chamber  
  57  5:52  Zergling x2  
  57  5:53  Zergling x2  
  57  5:56  Zergling x2  
  59  5:57  Centrifical Hooks  
  59  5:59  Zergling x10  
  64  6:04  Baneling x8  
  64  6:08  Drone x3  
  64  6:10  Spine Crawler x2  
  65  6:12  Drone x2  
  65  6:18  Zerg Melee Weapons Level 1, Zerg Ground Armor Level 1  
  67  6:21  Zergling x2  
  67  6:22  Zergling x4  
  69  6:27  Zergling x8  
  69  6:31  Zergling x2  
  73  6:36  Overlord x2  
  67  6:51  Zergling x10  
  61  6:58  Zergling x12  
  61  7:09  Zergling x2  
  62  7:16  Zergling x4  
  64  7:23  Baneling x10, Zergling x2  
  64  7:24  Zergling x2  
  64  7:28  Zergling x12  
  68  7:45  Zergling x6  
  70  7:52  Hatchery  
  59  8:00  Zergling x14  
  59  8:04  Baneling  
  59  8:05  Baneling x3  
  64  8:06  Baneling x6  
  64  8:16  Zergling x6  
  67  8:22  Zergling x8  
  67  8:24  Baneling x5  
  67  8:25  Baneling x4  
  69  8:27  Zergling x8  
Show
View Real Time Build Order
Export as new Build Order

LOADBLASTER Terran - Winner!

Build Orders:  

Get SALT Encoding   

  12  0:04  SCV  
  13  0:16  SCV  
  14  0:22  Supply Depot  
  14  0:28  SCV  
  15  0:44  SCV  
  15  0:46  Barracks  
  16  0:51  Barracks  
  16  0:59  Refinery  
  16  1:02  SCV  
  17  1:14  SCV  
  17  1:17  Refinery  
  18  1:26  SCV  
  19  1:38  Orbital Command  
  19  1:41  Barracks Reactor  
  19  1:45  Barracks Tech Lab  
  19  1:56  Supply Depot  
  19  2:05  Stimpack  
  19  2:06  Marine  
  20  2:11  SCV  
  21  2:19  Marine x2  
  23  2:23  SCV  
  24  2:32  Factory  
  25  2:38  Marine  
  25  2:39  Marine  
  27  2:46  Supply Depot  
  27  2:47  SCV  
  27  2:49  Marine  
  28  2:59  Marine  
  28  3:02  Marine  
  31  3:07  Marine  
  31  3:17  Marine  
  31  3:18  Factory Reactor, Starport  
  31  3:19  Marine  
  32  3:25  Marine  
  34  3:30  Supply Depot  
  34  3:35  Marine  
  34  3:37  Marine  
  36  3:42  Marine  
  37  3:53  Marine  
  37  3:55  Marine  
  38  4:00  Marine  
  38  4:01  Medivac x2  
  44  4:07  Supply Depot, Combat Shield  
  44  4:26  Command Center  
  44  4:36  Marine x2  
  44  4:38  Medivac  
  48  4:41  Marine  
  48  4:45  Factory Tech Lab  
  49  4:48  Supply Depot  
  49  4:54  Marine  
  49  4:57  Medivac  
  49  4:58  Marine  
  53  5:01  Marine  
  54  5:10  Barracks  
  54  5:12  Marine  
  55  5:17  Factory Reactor  
  53  5:25  Marine  
  53  5:27  SCV  
  48  5:30  Marine  
  47  5:36  Medivac, Supply Depot  
  43  5:46  Orbital Command  
  43  5:47  SCV  
  41  5:52  Marine x2  
  41  5:56  Widow Mine  
  45  6:03  Concussive Shells  
  45  6:04  Marine, Marauder  
  47  6:08  SCV  
  49  6:12  SCV  
  49  6:16  Marine  
  49  6:17  Marine  
  52  6:20  SCV  
  52  6:22  Marine  
  54  6:25  Marauder  
  52  6:34  Marine  
  52  6:37  SCV  
  52  6:38  SCV  
  54  6:40  Medivac  
  54  6:41  Marine, Marauder  
  61  6:47  Marauder  
  61  6:49  SCV  
  61  6:50  SCV  
  61  6:52  Marine  
  64  6:55  Medivac  
  64  6:59  Marine  
  64  7:01  Widow Mine  
  69  7:02  SCV x2  
  69  7:04  Supply Depot, Widow Mine  
  73  7:14  Marine x2, SCV x2  
  73  7:15  Marauder  
  79  7:19  Marine  
  79  7:22  Widow Mine  
  82  7:32  Marine  
  82  7:33  Marauder  
  82  7:36  Marine  
  84  7:38  Widow Mine  
  84  7:43  Medivac, Marine  
  86  7:50  Marine  
  86  7:53  Refinery, SCV  
  86  7:54  Marauder  
  86  7:57  Medivac, Supply Depot x2  
  86  7:58  SCV  
  90  8:00  Marine  
  90  8:05  SCV  
  92  8:07  Marine  
  92  8:08  Marine  
  94  8:18  Widow Mine x2, Marine, SCV x2, Marauder  
  105  8:46  Supply Depot x2  
Show
View Real Time Build Order
Export as new Build Order

PureLegacy Terran - Winner!

Build Orders: Reaper Expand 

Get SALT Encoding   

  12  0:03  SCV  
  13  0:15  SCV  
  14  0:24  Supply Depot  
  14  0:28  SCV  
  15  0:45  SCV  
  15  0:46  Barracks  
  15  0:49  Refinery  
  16  0:58  SCV  
  17  1:10  SCV  
  18  1:22  SCV  
  19  1:36  Reaper, Orbital Command  
  20  1:48  Command Center  
  20  1:52  Supply Depot  
  20  2:03  SCV  
  21  2:14  Barracks Reactor  
  21  2:17  SCV  
  21  2:20  Barracks  
  21  2:21  Barracks  
  22  2:31  Supply Depot  
  22  2:32  SCV  
  23  2:50  Marine x2  
  25  2:52  SCV  
  26  3:03  Orbital Command  
  26  3:04  SCV  
  27  3:08  Marine x2  
  27  3:09  Bunker  
  27  3:10  Refinery  
  29  3:13  Barracks Tech Lab  
  29  3:19  SCV  
  30  3:21  Marine  
  30  3:26  Marine x2, Engineering Bay  
  33  3:31  SCV  
  33  3:32  SCV  
  34  3:34  Stimpack  
  34  3:43  SCV  
  34  3:44  SCV  
  34  3:45  Marine  
  34  3:46  Marine x2  
  39  3:53  Factory  
  39  3:57  SCV x2  
  39  4:01  Missile Turret  
  41  4:04  Missile Turret  
  41  4:07  Terran Infantry Weapons Level 1  
  41  4:09  SCV  
  42  4:17  SCV  
  43  4:20  Marine  
  43  4:21  Marine x3, SCV  
  48  4:29  SCV  
  48  4:30  Supply Depot  
  49  4:33  SCV  
  50  4:39  Factory Reactor, Starport  
  50  4:42  SCV  
  50  4:45  SCV  
  52  4:50  Barracks  
  52  4:51  Barracks Reactor  
  52  4:52  Barracks  
  52  4:53  Marine  
  52  4:54  Marine  
  52  4:55  Marine  
  55  5:01  SCV x2  
  57  5:08  Refinery x2  
  57  5:10  Supply Depot  
  57  5:13  SCV x2  
  59  5:25  Medivac, Engineering Bay, SCV  
  62  5:30  Supply Depot  
  62  5:31  Medivac, SCV  
  65  5:38  SCV  
  65  5:40  Barracks Reactor x2  
  65  5:41  Marine x4  
  70  5:45  Supply Depot  
  70  5:52  SCV  
  70  5:55  Terran Infantry Armor Level 1  
  70  5:56  Supply Depot x2  
  71  5:59  Armory  
  71  6:05  Marine x5  
  71  6:08  Supply Depot  
  76  6:19  Marine x4  
  76  6:22  Marine  
  76  6:23  Marine  
  76  6:25  Medivac x2  
  84  6:28  Marine x3  
  89  6:37  Marine x2  
  89  6:39  Supply Depot  
  90  6:51  Marine x2  
  91  6:58  Marine x2  
  91  6:59  Marine x3  
  91  7:00  Medivac  
  91  7:01  Medivac  
  86  7:06  Marine x2  
  86  7:07  Combat Shield  
  85  7:09  Marine x2  
  87  7:16  Marine x4  
  91  7:22  Command Center  
  91  7:25  Marine x3  
  94  7:31  Marine x2  
  94  7:34  Marine  
  97  7:39  Marine, SCV x2  
  97  7:40  Marine x2  
  97  7:42  Marine x2  
  104  7:47  Medivac x2  
  96  8:01  Marine x6  
  96  8:02  Marine x3  
  103  8:12  Supply Depot  
  103  8:14  SCV x2  
  103  8:19  Marine x2  
  107  8:21  Marine x6  
  107  8:22  Marine  
Tags
 
Add a new tag
Caveats
  • Supply blocks, unpowered buildings, or Contaminate may cause inaccurate times.
  • Supply counts are checked every 10 seconds.